 Dungeon Crawl Stone Soup version 0.19.5 (webtiles) character file.

15887 McKennaii the Thaumaturge (level 12, -5/61 HPs)
             Began as a Deep Elf Fire Elementalist on May 14, 2017.
             Was an Elder of Vehumet.
             Slain by a red ugly thing (21 damage)
             ... on level 12 of the Dungeon.
             The game lasted 00:49:04 (12544 turns).

McKennaii the Thaumaturge (DEFE)                   Turns: 12544, Time: 00:49:06

Health: -5/61      AC: 10    Str:  6    XL:     12   Next: 5%
Magic:  2/32       EV: 15    Int: 37    God:    Vehumet [****..]
Gold:   266        SH:  0    Dex: 14    Spells: 10 memorised, 14 levels left

rFire  . . .     SeeInvis .     (no weapon)
rCold  x . .     Gourm    .     G - +0 leather armour "Ujo Xoucs" {+Inv rC- Int+5}
rNeg   . . .     Faith    .     (no shield)
rPois  +         Spirit   .     (no helmet)
rElec  .         Reflect  .     Q - +1 cloak {rPois}
rCorr  +         Harm     .     g - +1 pair of gloves
MR     ++...     Clarity  +     (no boots)
Stlth  +++.......               (no amulet)
                                P - ring "Puti" {MR+ Int+5 Dex-2 Stlth+}
                                l - ring of the Octopus King {rCorr AC+1 EV+1 Str+1 Int+1 Dex+1}

@: no status effects
A: thin metallic scales 1, clarity
a: Renounce Religion, Evoke Invisibility


You were on level 12 of the Dungeon.
You worshipped Vehumet.
Vehumet was greatly pleased with you.
You were not hungry.

You visited 2 branches of the dungeon, and saw 13 of its levels.
You visited 1 bazaar.
You also visited: Bailey.

You collected 1520 gold pieces.
You spent 1254 gold pieces at shops.

Inventory:

Armour
 g - a +1 pair of gloves (worn)
 m - a +0 cloak
 s - the +1 ring mail of Poor Excuses {rElec MR+ Regen+}
   (You found it on level 5 of the Dungeon)

   It insulates you from electricity.
   It affects your resistance to hostile enchantments.
   It increases your rate of regeneration.
 G - the +0 leather armour "Ujo Xoucs" (worn) {+Inv rC- Int+5}
   (You found it on level 7 of the Dungeon)

   It affects your intelligence (+5).
   It makes you vulnerable to cold.
   It lets you turn invisible.
 Q - a +1 cloak of poison resistance (worn)
 V - a +2 shield of reflection
Rods
 W - a +4 rod of clouds (13/13)
   (You found it on level 12 of the Dungeon)
Jewellery
 l - a ring of the Octopus King (left hand) {rCorr AC+1 EV+1 Str+1 Int+1 Dex+1}
   (You took it off Grum on level 8 of the Dungeon)

   [ring of resist corrosion]

   It affects your AC (+1).
   It affects your evasion (+1).
   It affects your strength (+1).
   It affects your intelligence (+1).
   It affects your dexterity (+1).
 P - the ring "Puti" (right hand) {MR+ Int+5 Dex-2 Stlth+}
   (You bought it in a shop in a bazaar)

   [ring of intelligence]

   It affects your intelligence (+5).
   It affects your dexterity (-2).
   It affects your resistance to hostile enchantments.
   It makes you more stealthy.
Wands
 q - a wand of slowing (33/48)
 z - a wand of confusion (11/48)
 B - a wand of hasting (6/9)
 R - a wand of lightning (8/15)
Scrolls
 f - 2 scrolls of magic mapping
 h - 3 scrolls of amnesia
 i - 3 scrolls of identify
 j - 2 scrolls of remove curse
 u - 2 scrolls of enchant weapon
 y - a scroll of acquirement {unknown}
 M - 2 scrolls of teleportation {unknown}
 N - a scroll of brand weapon {unknown}
 O - a scroll of enchant armour {unknown}
 U - a scroll of recharging {unknown}
Potions
 a - a potion of haste
 d - 3 potions of agility
 e - a potion of ambrosia
 o - a potion of resistance
 r - 2 potions of berserk rage
 t - 2 potions of brilliance {unknown}
 x - 7 potions of curing
 A - 3 potions of invisibility {unknown}
 D - 2 potions of lignification
 E - 5 potions of flight
 F - a potion of cancellation
 H - a potion of might
 J - a potion of experience {unknown}
 K - a potion of degeneration {unknown}
 L - a potion of heal wounds
 T - 2 potions of mutation {unknown}
Books
 b - a book of Flames

   Spells                             Type                      Level
   a - Flame Tongue                   Conjuration/Fire             1
   b - Throw Flame                    Conjuration/Fire             2
   c - Conjure Flame                  Conjuration/Fire             3
   d - Inner Flame                    Hexes/Fire                   3
   e - Sticky Flame                   Conjuration/Fire             4
   f - Fireball                       Conjuration/Fire             5
 k - a book of Cantrips

   Spells                             Type                      Level
   a - Confusing Touch                Hexes                        1
   b - Animate Skeleton               Necromancy                   1
   c - Summon Small Mammal            Summoning                    1
   d - Apportation                    Translocation                1
 v - a book of Misfortune

   Spells                             Type                      Level
   a - Confusing Touch                Hexes                        1
   b - Confuse                        Hexes                        3
   c - Gell's Gravitas                Hexes/Translocation          3
   d - Petrify                        Transmutation/Earth          4
   e - Metabolic Englaciation         Hexes/Ice                    5
   f - Yara's Violent Unravelling     Hexes/Transmutation          5
Comestibles
 c - 11 bread rations
 n - 2 royal jellies
 p - 8 beef jerkies
 w - 2 fruits
 C - 2 slices of pizza
 I - a meat ration
 S - 2 chunks of flesh


   Skills:
 + Level 1.6 Fighting
 + Level 2.9 Armour
 + Level 5.6 Dodging
 + Level 4.1 Stealth
 + Level 14.8 Spellcasting
 + Level 11.2 Conjurations
 + Level 3.7 Hexes
 + Level 10.7 Fire Magic
 + Level 2.5 Poison Magic


You had 14 spell levels left.
You knew the following spells:

 Your Spells              Type           Power        Failure   Level  Hunger
a - Flame Tongue          Conj/Fire      #####        1%          1    None
b - Throw Flame           Conj/Fire      ######       1%          2    None
c - Conjure Flame         Conj/Fire      #######.     1%          3    None
d - Confuse               Hex            ######..     1%          3    None
e - Gell's Gravitas       Hex/Tloc       #####.....   2%          3    None
f - Fireball              Conj/Fire      #######...   1%          5    None
g - Magic Dart            Conj           ####         1%          1    None
h - Sting                 Conj/Pois      ####         1%          1    None
i - Dazzling Spray        Conj/Hex       ######       1%          3    None
j - Fulminant Prism       Conj/Hex       ######....   1%          4    None


Dungeon Overview and Level Annotations

Branches:
Dungeon (12/15)            Temple (1/1) D:7            Lair (0/6) D:10
    Orc (0/2) D:12

Altars:
Ashenzari
Cheibriados
Dithmenos
Fedhas
Hepliaklqana
Makhleb
Qazlal
Ru
Trog
Uskayaw
Vehumet
The Shining One

Shops:
D:8 *   D:10 (


Innate Abilities, Weirdness & Mutations

You are partially covered in thin metallic scales. (AC +2)
You possess an exceptional clarity of mind.


Message History

The red ugly thing resists.
The red ugly thing is heavily wounded.
The red ugly thing is engulfed in roaring flames.
The red ugly thing closely misses you.
Casting: Flame Tongue
Confirm with . or Enter, or press ? or * to list all spells.
You don't have enough magic to cast that spell.
Casting: Flame Tongue
Confirm with . or Enter, or press ? or * to list all spells.
Aiming: Flame Tongue
Press: ? - help, Shift-Dir - straight line, f/p - red ugly thing
Aim: a red ugly thing (flame, heavily wounded)
The flame tongue hits the red ugly thing.
The red ugly thing resists.
The red ugly thing is heavily wounded.
The red ugly thing is engulfed in roaring flames.
The red ugly thing headbutts you!
* * * LOW HITPOINT WARNING * * *
You are engulfed in flames!!
You die...

#...#####............. #...#
#............. #...#
#.............
#...#####....)........
#..........##.........
#..................... #######
#..................... #......
#...#####.####u###########......
#..(#####.#....@........##......
#.........#.............##......
#....u....#.............##......
#.....)...#.............##......
#....)...)#.............##......
#.........#.............##......
#.........#######.##....##+#####
#........... #.##....##......
#............ #........#......


You could see a red ugly thing.

Vanquished Creatures
  A tengu warrior (D:12)
  An unseen horror (D:6)
  The ghost of GordonOverkill the Jinx, a novice HEEn of Yredelemnul (D:9)
  2 orc knights (Bailey)
  A hill giant (D:12)
  A deep elf mage (D:12)
  An ugly thing (D:10)
  2 manticores (D:11)
  Joseph (D:8)
  A gargoyle (D:11)
  4 trolls
  A hornet (D:8)
  A two-headed ogre (D:9)
  The ghost of rogel the Twirler, an amateur HuGl (D:5)
  Grinder (D:3)
  3 hippogriffs
  A wraith (D:10)
  A vampire (D:11)
  4 yaks (D:11)
  3 wyverns
  A hungry ghost (D:7)
  Grum (D:8)
  A soldier ant (D:11)
  2 water moccasins
  10 orc warriors
  4 black bears
  5 ice beasts
  An eye of draining (D:9)
  4 phantoms
  2 sky beasts
  5 ogres
  2 wolves
  4 centaurs
  A necrophage (D:9)
  2 big kobolds (D:9)
  3 crocodiles (D:10)
  2 bullfrogs
  4 scorpions
  A water moccasin skeleton (D:9)
  9 killer bees
  3 wights (D:11)
  6 electric eels (D:5)
  6 howler monkeys
  3 crimson imps
  8 hounds
  2 bullfrog zombies
  2 orc priests
  The ghost of letownia the Magician, a weakling FeWz (D:3)
  An iguana (D:8)
  A jelly (D:8)
  17 orc wizards
  3 bullfrog skeletons
  8 worker ants
  3 worker ant zombies
  8 gnolls
  9 adders
  A howler monkey skeleton (D:7)
  A river rat (D:10)
  6 shadow imps
  An ooze (D:1)
  An adder zombie (D:9)
  4 worms
  5 adder skeletons
  3 leopard geckos
  35 orcs
  A ball python (D:1)
  24 bats
  5 giant cockroaches
  12 goblins
  4 hobgoblins
  14 jackals
  28 kobolds
  8 quokkas
  7 frilled lizards
  A leopard gecko skeleton (D:7)
  A quokka zombie (D:8)
  15 rats
  A fungus (D:7)
  A plant (D:5)
356 creatures vanquished.

Vanquished Creatures (others)
  A soldier ant (D:12)
  2 fungi (D:10)
  3 plants (D:5)
6 creatures vanquished.

Grand Total: 362 creatures vanquished

Notes
Turn   | Place    | Note
-------+----------+-------------------------------------------
     0 | D:1      | McKennaii the Deep Elf Fire Elementalist began the quest for the Orb.
     0 | D:1      | Reached XP level 1. HP: 10/10 MP: 6/6
    84 | D:1      | Reached XP level 2. HP: 15/15 MP: 4/8
   335 | D:1      | Reached XP level 3. HP: 19/19 MP: 6/10
   881 | D:2      | Reached skill level 4 in Spellcasting
   883 | D:2      | Reached XP level 4. HP: 24/24 MP: 2/12
   890 | D:2      | Learned a level 2 spell: Throw Flame
   894 | D:2      | Learned a level 3 spell: Conjure Flame
  1736 | D:3      | Noticed letownia's ghost (weakling FeWz)
  1743 | D:3      | Killed letownia's ghost
  1743 | D:3      | Reached XP level 5. HP: 13/28 MP: 6/13
  1797 | D:3      | Learned a level 5 spell: Fireball
  1917 | D:3      | Noticed Grinder
  1966 | D:3      | Killed Grinder
  1966 | D:3      | Reached skill level 5 in Spellcasting
  1966 | D:3      | Reached skill level 5 in Fire Magic
  1966 | D:3      | Reached XP level 6. HP: 32/32 MP: 0/16
  2381 | D:4      | Reached XP level 7. HP: 36/36 MP: 10/17
  2387 | D:4      | Found a glowing golden altar of the Shining One.
  2848 | D:4      | Reached skill level 6 in Spellcasting
  3012 | D:4      | Reached skill level 5 in Conjurations
  3103 | D:5      | Entered Level 5 of the Dungeon
  3261 | D:5      | Noticed rogel's ghost (amateur HuGl)
  3511 | D:5      | Killed rogel's ghost
  3511 | D:5      | Reached skill level 7 in Spellcasting
  3511 | D:5      | Reached XP level 8. HP: 41/41 MP: 0/20
  3579 | D:5      | Gained mutation: You are partially covered in thin metallic scales. (AC +2) [potion of beneficial mutation]
  3744 | D:5      | Gained mutation: You possess an exceptional clarity of mind. [potion of beneficial mutation]
  3792 | D:5      | Got a spiked ring mail
  3807 | D:5      | Identified the cursed +1 ring mail of Poor Excuses {rElec MR+ Regen+} (You found it on level 5 of the Dungeon)
  3818 | D:5      | Found a shattered altar of Ashenzari.
  3818 | D:5      | Found a stormy altar of Qazlal.
  4200 | D:5      | Reached skill level 8 in Spellcasting
  4579 | D:6      | Reached skill level 1 in Armour
  4832 | D:6      | Learned a level 3 spell: Confuse
  4935 | D:6      | Learned a level 3 spell: Gell's Gravitas
  5113 | D:6      | Killed an unseen horror
  5113 | D:6      | Reached skill level 1 in Fighting
  5113 | D:6      | Reached skill level 9 in Spellcasting
  5113 | D:6      | Reached XP level 9. HP: 8/47 MP: 14/24
  5369 | D:7      | Got a bloodstained leather armour
  5371 | D:7      | Identified the cursed +0 leather armour "Ujo Xoucs" {+Inv rC- Int+5} (You found it on level 7 of the Dungeon)
  5639 | D:7      | Found a staircase to the Ecumenical Temple.
  5650 | Temple   | Entered the Ecumenical Temple
  5660 | Temple   | Became a worshipper of Vehumet
  5784 | D:7      | Found a sacrificial altar of Ru.
  5867 | D:7      | Found a burning altar of Makhleb.
  5989 | D:8      | Noticed Grum
  6000 | D:7      | Reached skill level 10 in Spellcasting
  6560 | D:7      | Reached * piety under Vehumet
  6560 | D:7      | Offered knowledge of Magic Dart by Vehumet.
  6584 | D:7      | Learned a level 1 spell: Magic Dart
  6613 | D:8      | Found a snail-covered altar of Cheibriados.
  6640 | D:8      | Killed Grum
  6656 | D:8      | Reached skill level 5 in Dodging
  6656 | D:8      | Reached XP level 10. HP: 52/52 MP: 23/26
  6659 | D:8      | Got a ring of the Octopus King
  6693 | D:8      | Noticed Joseph
  6731 | D:8      | Killed Joseph
  6731 | D:8      | Reached skill level 11 in Spellcasting
  7219 | D:8      | Found Wusesh's Assorted Antiques.
  7222 | D:8      | Bought 2 bubbling inky potions for 48 gold pieces
  7222 | D:8      | Bought a scroll labeled PEUKLI NOSO for 27 gold pieces
  7222 | D:8      | Bought a scroll labeled KEIGHU PANEIMOUT for 27 gold pieces
  7222 | D:8      | Bought a scroll labeled RACSUU JU UGGE for 27 gold pieces
  7222 | D:8      | Bought a sedimented red potion for 24 gold pieces
  7222 | D:8      | Bought a scroll labeled PEUKLI NOSO for 27 gold pieces
  7222 | D:8      | Bought a bubbling inky potion for 24 gold pieces
  7246 | D:8      | Identified a ring of the Octopus King {rCorr AC+1 EV+1 Str+1 Int+1 Dex+1} (You took it off Grum on level 8 of the Dungeon)
  7436 | D:9      | Noticed GordonOverkill's ghost (novice HEEn)
  7466 | D:9      | Killed GordonOverkill's ghost
  7498 | D:9      | Found a bloodstained altar of Trog.
  7639 | D:9      | Reached skill level 12 in Spellcasting
  7862 | D:9      | Found a flagged portal.
  7873 | Bailey   | Entered a bailey
  7878 | Bailey   | Reached ** piety under Vehumet
  7881 | Bailey   | Offered knowledge of Sting by Vehumet.
  7953 | Bailey   | Learned a level 1 spell: Sting
  7980 | Bailey   | Noticed an orc knight
  7984 | Bailey   | Noticed an orc knight
  8020 | Bailey   | Killed an orc knight
  8133 | Bailey   | Offered knowledge of Dazzling Spray by Vehumet.
  8138 | Bailey   | Learned a level 3 spell: Dazzling Spray
  8157 | Bailey   | Killed an orc knight
  8157 | Bailey   | Reached XP level 11. HP: 50/56 MP: 2/29
  8460 | D:9      | Reached skill level 10 in Conjurations
  8460 | D:9      | Reached skill level 10 in Fire Magic
  8939 | D:10     | Entered Level 10 of the Dungeon
  8939 | D:10     | Noticed a purple ugly thing
  8944 | D:10     | Killed a purple ugly thing
  9080 | D:10     | Reached skill level 13 in Spellcasting
  9151 | D:10     | Reached *** piety under Vehumet
  9399 | D:10     | Offered knowledge of Fulminant Prism by Vehumet.
  9423 | D:10     | Learned a level 4 spell: Fulminant Prism
  9484 | D:10     | Found a staircase to the Lair.
  9491 | D:10     | Reached skill level 1 in Hexes
  9578 | D:10     | Found Datz's Weapon Emporium.
 10053 | D:10     | Reached skill level 1 in Poison Magic
 10422 | D:11     | Reached **** piety under Vehumet
 10589 | D:11     | Offered knowledge of Stone Arrow by Vehumet.
 10802 | D:11     | Reached skill level 14 in Spellcasting
 11468 | D:12     | Found a flickering gateway to a bazaar.
 11486 | Bazaar   | Entered a bazaar
 11500 | Bazaar   | Found Wimaw's Distillery.
 11511 | Bazaar   | Bought a potion of heal wounds for 55 gold pieces
 11511 | Bazaar   | Bought a potion of curing for 33 gold pieces
 11511 | Bazaar   | Bought a potion of heal wounds for 55 gold pieces
 11511 | Bazaar   | Bought a potion of curing for 33 gold pieces
 11511 | Bazaar   | Bought a potion of curing for 33 gold pieces
 11511 | Bazaar   | Bought a potion of flight for 33 gold pieces
 11522 | Bazaar   | Found Utzyll's Antique Armour Emporium.
 11522 | Bazaar   | Found Mausehol's Assorted Antiques.
 11532 | Bazaar   | Bought a scroll of enchant weapon for 180 gold pieces
 11549 | Bazaar   | Found Vocohoqi's Food Emporium.
 11549 | Bazaar   | Found Gemicor's Gadget Shoppe.
 11571 | Bazaar   | Found Megasup's Jewellery Emporium.
 11576 | Bazaar   | Bought the ring "Puti" {MR+ Int+5 Dex-2 Stlth+} for 366 gold pieces
 11628 | Bazaar   | Bought an embroidered cloak for 262 gold pieces
 12041 | D:12     | Found a staircase to the Orcish Mines.
 12238 | D:12     | Noticed a deep elf mage
 12240 | D:12     | Noticed a hill giant
 12241 | D:12     | Killed a deep elf mage
 12244 | D:12     | Killed a hill giant
 12479 | D:12     | Noticed a tengu warrior
 12483 | D:12     | Killed a tengu warrior
 12483 | D:12     | Reached XP level 12. HP: 57/61 MP: 10/32
 12541 | D:12     | HP: 1/61 [red ugly thing (21)]
 12544 | D:12     | Slain by a red ugly thing

Skill      XL: |  1  2  3  4  5  6  7  8  9 10 11 |
---------------+----------------------------------+-----
Spellcasting   | 4 5 7 9 10 12 14 | 14.8
Dodging        | 3 4 5 |  5.6
Fire Magic     | 4 5 6 8 9 10 | 10.7
Conjurations   | 2 3 4 5 7 8 9 11 | 11.2
Stealth        | 3 4 |  4.1
Armour         | 1 2 |  2.9
Fighting       | 1 |  1.6
Hexes          | 3 |  3.7
Poison Magic   | 2 |  2.5

Action                   |  1- 3 |  4- 6 |  7- 9 | 10-12 || total
-------------------------+-------+-------+-------+-------++-------
Melee: Unarmed           |    12 |       |     6 |       ||    18
 Cast: Flame Tongue      |    51 |    68 |   318 |   345 ||   782
       Throw Flame       |       |    11 |    49 |    27 ||    87
       Conjure Flame     |       |     1 |     8 |    29 ||    38
       Fireball          |       |       |     5 |    25 ||    30
       Sting             |       |       |       |   135 ||   135
       Magic Dart        |       |       |       |    21 ||    21
       Dazzling Spray    |       |       |       |    45 ||    45
       Confuse           |       |       |       |    11 ||    11
       Gell's Gravitas   |       |       |       |     1 ||     1
  Use: Potion            |     1 |       |     4 |     1 ||     6
       Scroll            |       |       |     3 |    18 ||    21
  Eat: Chunk             |       |     4 |    14 |    17 ||    35
       Fruit             |       |       |       |     2 ||     2
Armor: Robe              |     9 |     7 |    14 |       ||    30
       Ring mail         |       |       |    31 |       ||    31
       Leather armour    |       |       |    18 |    65 ||    83
Dodge: Dodged            |    48 |    15 |   126 |   146 ||   335
